 Dungeon Crawl Stone Soup version 0.22.1-2-g9c5b331 (webtiles) character file.

115887 Gearfox the Warrior (level 16, 0/152 HPs)
             Began as a Minotaur Berserker on Dec 8, 2018.
             Was a High Priest of Trog.
             Slain by a nine-headed hydra (4 damage)
             ... on level 4 of the Swamp.
             The game lasted 02:13:58 (35954 turns).

Gearfox the Warrior (Minotaur Berserker)           Turns: 35954, Time: 02:13:59

Health: 0/152      AC: 34    Str: 24    XL:     16   Next: 19%
Magic:  27/27      EV: 11    Int:  6    God:    Trog [*****.]
Gold:   1285       SH: 15    Dex: 15    Spells: 15/15 levels left

rFire    . . .     SeeInvis .   a - +5 morningstar of Doom {flame, rPois rC- MR+ MP+9}
rCold    x . .     Gourm    .   M - +1 shield
rNeg     . . .     Faith    .   J - +13 plate armour of Instinct {*Slow rPois Int+2}
rPois    +         Spirit   .   (helmet restricted)
rElec    .         Reflect  .   d - +0 cloak
rCorr    .         Harm     .   P - +0 pair of gloves
MR       +++++                  D - +0 pair of boots
Stlth    ..........             (no amulet)
HPRegen  1.35/turn              Q - ring of poison resistance
MPRegen  0.20/turn              v - ring of protection from magic

@: regenerating
A: retaliatory headbutt, horns 2, no potion heal 1
a: Berserk, Trog's Hand, Brothers in Arms, Renounce Religion


You were on level 4 of the Swamp.
You worshipped Trog.
Trog was extremely pleased with you.
You were not hungry.

You visited 4 branches of the dungeon, and saw 27 of its levels.
You also visited: Labyrinth.

You collected 2715 gold pieces.
You spent 1430 gold pieces at shops.

Inventory:

Hand Weapons
 a - the +5 morningstar of Doom (weapon) {flame, rPois rC- MR+ MP+9}
   (You bought it in a shop on level 2 of the Orcish Mines)

   It has been specially enchanted to burn those struck by it, causing extra
   injury to most foes and up to half again as much damage against particularly
   susceptible opponents.
   It makes you vulnerable to cold.
   It protects you from poison.
   It affects your resistance to hostile enchantments.
   It affects your magic capacity (+9).
 u - a +8 blowgun
 O - the +7 lajatang of Order {silver, rMut}
   (You acquired it on level 10 of the Dungeon)

   It protects you from mutation.
Missiles
 B - 10 curare-tipped needles
 S - 89 poisoned needles (quivered)
Armour
 d - a +0 cloak (worn)
 q - +0 steam dragon scales
 t - +2 gold dragon scales
 D - a +0 pair of boots (worn)
 H - +0 acid dragon scales
 J - the +13 plate armour of Instinct (worn) {*Slow rPois Int+2}
   (You found it on level 8 of the Dungeon)

   It affects your intelligence (+2).
   It protects you from poison.
   It may slow you when you take damage.
 M - a +1 shield (worn)
 P - a +0 pair of gloves (worn)
Jewellery
 f - an uncursed ring of ice
 i - an uncursed ring of protection from fire
 v - a ring of protection from magic (right hand)
 I - an uncursed ring of flight
 Q - a ring of poison resistance (left hand)
 X - an uncursed ring of resist corrosion
Wands
 p - a wand of iceblast (18)
 w - a wand of enslavement (35)
 x - a wand of acid (21)
 G - a wand of flame (48)
 V - a wand of digging (35)
 Y - a wand of disintegration (20)
Scrolls
 b - 3 scrolls of fog
 e - a scroll of silence
 g - 15 scrolls of remove curse
 r - 8 scrolls of teleportation
 s - 5 scrolls of fear
 C - 2 scrolls of magic mapping
 E - a scroll of brand weapon
 F - 3 scrolls of identify
Potions
 h - 11 potions of curing
 j - 7 potions of flight
 k - 6 potions of haste
 l - 6 potions of lignification
 m - 3 potions of agility
 n - a potion of heal wounds
 o - 3 potions of magic
 z - 2 potions of invisibility {unknown}
 A - a potion of ambrosia
 L - a potion of cancellation
 N - 2 potions of brilliance
 R - a potion of resistance
 U - 4 potions of might
Miscellaneous
 y - a box of beasts
 K - a phantom mirror
 W - 2 sacks of spiders
 Z - a lamp of fire
Comestibles
 c - 29 rations


   Skills:
 + Level 16.5 Fighting
 - Level 15.1(16.1) Maces & Flails
 - Level 10.5(14.0) Staves
   Level 4.5 Bows
 - Level 5.5 Throwing
 - Level 15.0 Armour
 + Level 7.3 Dodging
 * Level 14.6 Shields
 - Level 4.8 Evocations


You had 15 spell levels left.
You didn't know any spells.
Your spell library was empty.

Dungeon Overview and Level Annotations

Branches:
Dungeon (15/15) Temple (0/1) D:5 Lair (6/6) D:10 Swamp (4/4) Lair:4 Snake (0/4) Lair:4 Slime (0/5) Lair:6 Orc (2/2) D:9 Elf (0/3) Orc:2 Vaults (0/5) D:12 D:13 Depths (0/5) D:15

Altars:
Ashenzari
Elyvilon
Fedhas
Gozag
Hepliaklqana
Makhleb
Qazlal
Trog
Vehumet
Xom
Yredelemnul
Zin
Beogh

Shops:
D:14 }   Orc:2 !(!%

Annotations:
D:10 exclusion: obsidian statue
Lair:1 3 runed doors, Frank's ghost, journeyman OpFi


Innate Abilities, Weirdness & Mutations

You reflexively headbutt those who attack you in melee.
You have a pair of horns on your head.
Potions are less effective at restoring your health.


Message History

The nine-headed hydra is lightly wounded.
The seven-headed hydra bites you but does no damage. x2
The seven-headed hydra barely misses you.
The seven-headed hydra bites you but does no damage.
You block the seven-headed hydra's attack.
The seven-headed hydra bites you.
* * * LOW HITPOINT WARNING * * *
You block the seven-headed hydra's attack.
You hit the nine-headed hydra. You burn the nine-headed hydra.
You headbutt the nine-headed hydra, but do no damage.
The nine-headed hydra is moderately wounded.
The nine-headed hydra bites you but does no damage. x2
You block the nine-headed hydra's attack.
The nine-headed hydra bites you.
* * * LOW HITPOINT WARNING * * *
The nine-headed hydra bites you but does no damage.
The nine-headed hydra closely misses you.
The nine-headed hydra bites you but does no damage.
The nine-headed hydra bites you.
You die...

♣.≈≈.♣..≈.≈≈≈♣♣...≈≈≈≈..
♣..≈......§≈≈..≈..†≈≈≈†≈
.≈..≈.≈≈≈≈.♣.≈≈†.≈≈.≈≈≈≈
.....≈≈≈≈≈≈♣≈≈..≈.≈≈≈≈≈≈
♣.†.≈(≈...≈..≈...≈§
♣≈♣.......#..≈≈..≈≈
≈≈♣♣≈.§.......≈≈≈..≈
...≈♣♣♣§§≈≈♣≈≈...≈≈.♣♣
≈≈≈#≈ ♣@Dk§♣♣♣♣≈.#...♣♣
♣♣ ≈♣♣§#DDk.♣ ≈≈≈...♣
♣♣♣.≈#DD.#.♣ ♣...≈≈§
♣≈###..#≈♣ ♣≈≈≈≈≈ ##
##.## . ≈t≈≈ #..≈##≈♣
###.≈≈# ♣ #≈#..≈#
#≈≈≈≈##


You could see a nine-headed hydra, a seven-headed hydra, a five-headed hydra, 2
swamp dragons and 2 swamp drakes.

Vanquished Creatures
  An emperor scorpion (D:15)
  A very ugly thing (Swamp:3)
  A dire elephant (D:15)
  A minotaur (Lab)
  An ogre mage (D:15)
  Fannar (D:12)
  A rakshasa (D:15)
  8 hydras
  A ghost crab (Swamp:3)
  3 centaur warriors
  2 death knights
  7 two-headed ogres
  7 alligators
  7 death yaks
  Urug (D:13)
  Sonja (Lair:2)
  6 skeletal warriors
  3 swamp dragons
  A spriggan druid (Swamp:3)
  A shambling mangrove (Swamp:2)
  A wizard (D:13)
  2 unseen horrors
  A necromancer (Lair:3)
  8 orc knights (Orc:2)
  2 deep elf magi (D:15)
  The ghost of edgar the Grave Robber, a novice DsNe (Lair:2)
  10 ugly things
  3 manticores
  7 cyclopes
  9 black mambas
  A centaur skeleton (D:15)
  11 spiny frogs
  4 gargoyles
  A rime drake (Lair:6)
  10 komodo dragons
  A kobold demonologist (D:14)
  2 freezing wraiths (D:14)
  A redback zombie (D:15)
  8 trolls
  3 polar bears (Lair:6)
  10 hornets
  A wolf spider simulacrum (D:15)
  2 tyrant leeches
  5 blink frogs (Lair:5)
  Prince Ribbit (D:9)
  14 hippogriffs
  A meliai zombie (D:15)
  7 bog bodies
  A hippogriff (shapeshifter) (D:13)
  11 slime creatures
  2 redbacks (Lab)
  15 spriggans
  2 shadows
  A wraith (D:12)
  4 wyverns
  A hungry ghost (D:9)
  15 humans
  A steam dragon (D:11)
  19 vampire mosquitoes
  51 yaks
  5 basilisks
  5 nagas (Lair:4)
  2 soldier ants
  10 insubstantial wisps
  9 wargs
  3 acid dragons
  9 water moccasins
  21 swamp worms
  5 porcupines
  6 ice beasts
  30 orc warriors
  5 swamp drakes
  4 sky beasts
  10 black bears
  A necrophage (D:13)
  An eye of draining (D:11)
  17 centaurs
  4 boggarts (Lair:6)
  8 ogres
  19 wolves
  14 crocodiles
  Blork the orc (D:5)
  A big kobold (D:11)
  A gnoll sergeant (Orc:1)
  13 bullfrogs
  An earth elemental (Lab)
  3 scorpions
  A wyvern skeleton (D:7)
  3 killer bees (D:13)
  4 wights (D:7)
  3 electric eels
  2 vampire bats (Lair:2)
  2 howler monkeys
  10 crimson imps
  2 jellies
  A bullfrog zombie (D:8)
  14 orc priests
  A gnoll shaman (D:4)
  7 hounds
  21 orc wizards
  Jessica (D:2)
  2 bullfrog skeletons
  12 iguanas
  Natasha (thrice) (D:2)
  Terence (D:3)
  10 worker ants
  4 polar bear simulacra (Lair:3)
  2 yak simulacra (Lair:3)
  3 wolf simulacra (Lair:3)
  6 gnolls
  6 adders
  4 shadow imps
  A worm (D:2)
  5 dart slugs
  2 leopard geckos
  79 orcs
  A ball python (D:3)
  3 giant cockroaches
  6 goblins
  6 hobgoblins
  14 jackals
  16 kobolds
  A quokka (D:2)
  14 bats
  3 frilled lizards
  3 leopard gecko skeletons
  6 rats
  2 river rat simulacra (Lair:3)
  A fungus (Lair:2)
  7 plants
808 creatures vanquished.

Vanquished Creatures (collateral kills)
  Agnes (D:14)
  3 hydras
  A death yak (Lair:5)
  2 slime creatures (D:14)
  2 skeletal warriors (D:14)
  A swamp dragon (Swamp:3)
  A black mamba (Lair:6)
  A wraith (D:14)
  2 spriggans (Lair:6)
  2 vampire mosquitoes (D:13)
  An orc warrior (Orc:1)
  A black bear (Lair:6)
  An ogre (Orc:2)
  6 wolves (Lair:6)
  A boggart (Lair:6)
  A bullfrog (D:12)
  4 wights (D:7)
  2 howler monkeys (D:11)
  A crimson imp (D:7)
  2 orc priests
  2 hounds
  4 orc wizards
  An iguana (Lair:4)
  A worker ant (D:11)
  An orc (D:7)
45 creatures vanquished.

Vanquished Creatures (others)
  A rime drake (Lair:6)
  A hippogriff (Lair:6)
  A centaur simulacrum (D:15)
  A killer bee (D:13)
  2 orcs
  16 fungi
  13 plants
35 creatures vanquished.

Grand Total: 888 creatures vanquished

Notes
Turn   | Place    | Note
-------+----------+-------------------------------------------
     0 | D:1      | Gearfox the Minotaur Berserker began the quest for the Orb.
     0 | D:1      | Reached XP level 1. HP: 19/19 MP: 0/0
   277 | D:1      | Reached skill level 4 in Fighting
   277 | D:1      | Reached XP level 2. HP: 24/27 MP: 1/1
   950 | D:2      | Reached XP level 3. HP: 24/33 MP: 2/2
  1268 | D:2      | Noticed Jessica
  1271 | D:2      | Killed Jessica
  1271 | D:2      | Reached skill level 5 in Maces & Flails
  1298 | D:2      | Reached XP level 4. HP: 18/41 MP: 3/3
  1601 | D:2      | Reached ** piety under Trog
  1627 | D:2      | Noticed Natasha
  1639 | D:2      | Killed Natasha
  1711 | D:2      | Noticed Natasha
  1718 | D:2      | Killed Natasha
  2015 | D:2      | Noticed Natasha
  2021 | D:2      | Killed Natasha
  2021 | D:2      | Reached XP level 5. HP: 45/47 MP: 4/4
  2065 | D:2      | Found a glowing silver altar of Zin.
  2299 | D:3      | Found a hazy altar of Hepliaklqana.
  2649 | D:3      | Noticed Terence
  2658 | D:3      | Killed Terence
  2773 | D:3      | Reached skill level 5 in Fighting
  2938 | D:3      | Reached *** piety under Trog
  3052 | D:3      | Reached XP level 6. HP: 56/56 MP: 5/5
  4336 | D:5      | Entered Level 5 of the Dungeon
  4336 | D:5      | Noticed Blork the orc
  4470 | D:5      | Noticed a sky beast
  4473 | D:4      | Reached XP level 7. HP: 61/61 MP: 6/6
  4754 | D:5      | Reached **** piety under Trog
  4814 | D:5      | Killed Blork the orc
  4814 | D:5      | Reached skill level 5 in Armour
  4933 | D:5      | Found a staircase to the Ecumenical Temple.
  4967 | D:5      | Reached XP level 8. HP: 66/70 MP: 7/7
  5092 | D:5      | Reached skill level 10 in Maces & Flails
  5523 | D:6      | Found a shimmering altar of Xom.
  5721 | D:6      | Found an opulent altar of Gozag.
  6982 | D:6      | Reached skill level 6 in Fighting
  7186 | D:7      | Found a blossoming altar of Fedhas.
  7264 | D:7      | Reached skill level 1 in Bows
  7673 | D:7      | Reached XP level 9. HP: 64/78 MP: 8/8
  7775 | D:7      | Found a burning altar of Makhleb.
  8076 | D:8      | Found a basalt altar of Yredelemnul.
  8081 | D:8      | Got an ichor-stained plate armour
  8107 | D:8      | Identified the +13 plate armour of Instinct {*Slow rPois
                  | Int+2} (You found it on level 8 of the Dungeon)
  8345 | D:8      | Noticed a two-headed ogre
  8355 | D:8      | Killed a two-headed ogre
  8355 | D:8      | Reached skill level 7 in Fighting
  8827 | D:8      | Found a burning altar of Makhleb.
  8827 | D:8      | Found a radiant altar of Vehumet.
  8949 | D:9      | Noticed a two-headed ogre
  8959 | D:9      | Killed a two-headed ogre
  8959 | D:9      | Reached XP level 10. HP: 86/86 MP: 9/9
  9177 | D:9      | Noticed Prince Ribbit
  9189 | D:9      | Killed Prince Ribbit
  9219 | D:9      | Found a staircase to the Orcish Mines.
  9380 | D:9      | Found a shattered altar of Ashenzari.
  9380 | D:9      | Found a white marble altar of Elyvilon.
  9381 | D:9      | Found a bloodstained altar of Trog.
  9402 | D:9      | Found a stormy altar of Qazlal.
  9693 | D:9      | Reached skill level 8 in Fighting
 10284 | D:10     | Entered Level 10 of the Dungeon
 10533 | D:10     | Found a staircase to the Lair.
 11165 | D:10     | Reached ***** piety under Trog
 11228 | D:10     | Noticed an obsidian statue
 11602 | D:10     | Identified 2 scrolls of acquirement
 11603 | D:10     | Found the +7 lajatang of Order {silver, rMut}
 11851 | D:11     | Reached skill level 15 in Maces & Flails
 11882 | D:11     | Noticed a two-headed ogre
 11884 | D:11     | Noticed a cyclops
 11901 | D:10     | Killed a two-headed ogre
 11901 | D:10     | Reached XP level 11. HP: 65/95 MP: 10/10
 12030 | D:11     | Reached skill level 9 in Fighting
 12201 | D:11     | Found a stormy altar of Qazlal.
 12216 | D:11     | Reached skill level 10 in Armour
 12216 | D:11     | Reached skill level 1 in Evocations
 12710 | D:11     | Reached skill level 1 in Staves
 13412 | D:11     | Reached skill level 10 in Fighting
 13461 | D:11     | Killed an unseen horror
 13477 | D:11     | Gained mutation: Potions are less effective at restoring
                  | your health. [potion of mutation]
 14203 | D:12     | Reached skill level 5 in Staves
 14333 | D:12     | Noticed a four-headed hydra
 14343 | D:12     | Killed a six-headed hydra
 14722 | D:12     | Noticed Fannar
 14735 | D:12     | Killed Fannar
 14735 | D:12     | Reached XP level 12. HP: 107/107 MP: 13/13
 14927 | D:13     | Found a gate to the Vaults.
 14927 | D:13     | Noticed Urug
 14927 | D:13     | Noticed a two-headed ogre
 14927 | D:13     | Noticed a centaur warrior
 15084 | Lair:1   | Entered Level 1 of the Lair of Beasts
 15535 | Lair:1   | Found a runed gate.
 15535 | Lair:1   | Found a runed gate.
 15535 | Lair:1   | Found a runed gate.
 15537 | Lair:1   | Noticed a ten-headed hydra
 15537 | Lair:1   | Noticed Frank's ghost (journeyman OpFi)
 15870 | Lair:1   | Received a gift from Trog
 16248 | Lair:2   | Noticed Sonja
 16282 | Lair:2   | Killed Sonja
 16496 | Lair:2   | Reached skill level 10 in Staves
 17095 | Lair:2   | Found a runed door.
 17099 | Lair:2   | Noticed edgar's ghost (novice DsNe)
 17116 | Lair:2   | Killed edgar's ghost
 17203 | Lair:2   | Reached skill level 1 in Throwing
 18542 | Lair:3   | Reached skill level 11 in Fighting
 18962 | Lair:4   | Got an ichor-stained shortbow
 19160 | Lair:4   | Found a staircase to the Snake Pit.
 19264 | Lair:4   | Noticed a seven-headed hydra
 19275 | Lair:4   | Killed a nine-headed hydra
 19275 | Lair:4   | Received a gift from Trog
 19445 | Lair:4   | Reached XP level 13. HP: 116/116 MP: 8/15
 19655 | Lair:4   | Found a staircase to the Swamp.
 20479 | Lair:5   | Identified the +9 shortbow "Jomoac" {freeze, rN+ Dex+2
                  | Stlth+} (You found it on level 4 of the Lair of Beasts)
 20522 | Lair:5   | Reached skill level 5 in Dodging
 20951 | Lair:5   | Received a gift from Trog
 21008 | Lair:5   | Reached skill level 12 in Fighting
 21786 | Lair:6   | Entered Level 6 of the Lair of Beasts
 22131 | Lair:6   | Reached skill level 5 in Throwing
 22527 | Lair:6   | Reached skill level 13 in Fighting
 22695 | Lair:6   | Found a staircase to the Slime Pits.
 23304 | Orc:1    | Entered Level 1 of the Orcish Mines
 23526 | Orc:2    | Entered Level 2 of the Orcish Mines
 23536 | Orc:1    | Received a gift from Trog
 23621 | Orc:2    | Reached XP level 14. HP: 129/129 MP: 16/16
 23666 | Orc:2    | Found a bloodstained altar of Trog.
 25045 | Orc:2    | Found Ejut Eru Peh's Food Emporium.
 25045 | Orc:2    | Found Yhusuf's Distillery.
 25053 | Orc:2    | Bought a potion of curing for 33 gold pieces
 25053 | Orc:2    | Bought a potion of might for 44 gold pieces
 25104 | Orc:2    | Received a gift from Trog
 25106 | Orc:2    | Found a roughly hewn altar of Beogh.
 25363 | Orc:2    | Found Feraf's Weapon Emporium.
 25363 | Orc:2    | Found Qarchac's Distillery.
 25390 | Orc:2    | Bought a potion of haste for 140 gold pieces
 25390 | Orc:2    | Bought a potion of heal wounds for 70 gold pieces
 25390 | Orc:2    | Bought a potion of curing for 42 gold pieces
 25460 | Orc:2    | Found a staircase to the Elven Halls.
 25934 | Orc:2    | Bought the +5 morningstar of Doom {flame, rPois rC- MR+
                  | MP+9} for 669 gold pieces
 26106 | D:12     | Reached skill level 14 in Fighting
 26116 | D:12     | Reached skill level 1 in Shields
 26871 | D:13     | Killed Urug
 26875 | D:13     | Reached skill level 5 in Shields
 27551 | D:14     | Found Gaz Ter's Gadget Shoppe.
 27657 | D:14     | Found a labyrinth entrance.
 27662 | Lab      | Entered a labyrinth
 28385 | Lab      | Reached skill level 15 in Fighting
 28510 | Lab      | Identified Ivel's Reference Book on Protection
 28768 | D:14     | Bought a wand of iceblast (13) for 272 gold pieces
 28768 | D:14     | Bought a wand of iceblast (6) for 160 gold pieces
 28876 | D:14     | Received a gift from Trog
 29058 | D:14     | Noticed Agnes
 29061 | D:14     | Reached XP level 15. HP: 141/141 MP: 17/17
 29066 | D:14     | Killed Agnes
 29735 | D:15     | Entered Level 15 of the Dungeon
 29830 | D:15     | Found a staircase to the Depths.
 29867 | D:15     | Reached skill level 15 in Armour
 30232 | D:15     | Reached skill level 10 in Shields
 32641 | Swamp:1  | Entered Level 1 of the Swamp
 32708 | Swamp:1  | Received a gift from Trog
 32714 | Swamp:1  | Paralysed by a hornet for 3 turns
 33218 | Swamp:1  | Reached skill level 16 in Fighting
 33276 | Swamp:1  | Received a gift from Trog
 34910 | Swamp:3  | Reached XP level 16. HP: 152/152 MP: 18/18
 35648 | Swamp:4  | Entered Level 4 of the Swamp
 35906 | Swamp:4  | Received a gift from Trog
 35953 | Swamp:4  | HP: 7/152 [seven-headed hydra (2)]
 35954 | Swamp:4  | Slain by a nine-headed hydra

Skill      XL: |  1  2  3  4  5  6  7  8  9 10 11 12 13 14 15 16 |
---------------+-------------------------------------------------+-----
Fighting       | 4 5 6 7 8 10 11 13 15 16 | 16.5
Maces & Flails | 4 5 6 8 9 11 13 15 | 15.1
Armour         | 3 4 5 6 8 9 11 12 13 14 15 | 15.0
Bows           | 2 3 4 |  4.5
Evocations     | 3 4 |  4.8
Staves         | 7 10 | 10.5
Throwing       | 3 5 |  5.5
Dodging        | 4 6 7 |  7.3
Shields        | 8 13 14 | 14.6

Action                   |  1- 3 |  4- 6 |  7- 9 | 10-12 | 13-15 | 16-18 || total
-------------------------+-------+-------+-------+-------+-------+-------++-------
Melee: Mace              |    60 |   174 |   229 |       |       |       ||   463
       Headbutt          |     6 |    22 |    51 |   148 |   330 |    32 ||   589
       Flail             |       |       |    36 |   264 |       |       ||   300
       Lajatang          |       |       |       |   408 |   556 |       ||   964
       Dire flail        |       |       |       |     1 |       |       ||     1
       Morningstar       |       |       |       |       |   865 |   131 ||   996
 Fire: Shortbow          |       |       |    15 |     9 |       |       ||    24
       Blowgun           |       |       |       |       |    10 |       ||    10
Invok: Berserk           |       |       |     2 |     2 |     4 |     1 ||     9
       Trog's Hand       |       |       |     1 |     2 |     5 |     2 ||    10
       Brothers in Arms  |       |       |     1 |     3 |    14 |     2 ||    20
Evoke: Wand              |       |       |       |     5 |     1 |       ||     6
  Use: Scroll            |     5 |     9 |    12 |    12 |    16 |       ||    54
       Potion            |       |       |       |     1 |     7 |     2 ||    10
  Eat: Chunk             |     1 |    10 |     9 |    13 |    26 |     1 ||    60
       Ration            |       |       |     3 |     7 |    11 |     1 ||    22
Armor: Plate armour      |    30 |   124 |   195 |   504 |   906 |   161 ||  1920
Dodge: Dodged            |    17 |    65 |   107 |   211 |   537 |    86 ||  1023
       Deflected         |       |       |     2 |       |       |       ||     2
Block: Shield            |       |       |       |       |   502 |   158 ||   660
